 Dungeon Crawl Stone Soup version 0.30-b1-5-g8e6c1be481 (webtiles) character file.

Game seed: 15426534233794474177

108 monsoonserge the Cudgeller (level 4, -4/21 (37) HPs)
             Began as a Draconian Reaver on May 4, 2023.
             Slain by a gnoll
             ... wielding a +0 halberd
              (6 damage)
             ... on level 3 of the Dungeon.
             The game lasted 00:04:47 (1421 turns).

monsoonserge the Cudgeller (Draconian Reaver)       Turns: 1421, Time: 00:04:48

HP:   -4/21 (37)    AC:  6    Str: 14    XL:     4   Next: 58%
MP:   1/7           EV:  6    Int: 15    God:
Gold: 45            SH:  0    Dex: 10    Spells: 2/7 levels left

rFire   . . .        n - +0 flail
rCold   . . .        (no shield)
rNeg    . . .        (body armour unavailable)
rPois   .            (helmet restricted)
rElec   .            (no cloak)
rCorr   .            (no gloves)
SInv    .            o - +0 pair of boots
Will    .....        (no amulet)
Stlth   +            (no ring)
HPRegen 0.23/turn    (no ring)
MPRegen 0.10/turn

%: no passive effects
@: very slightly contaminated, held, very heavily drained
A: AC +5, unfitting armour, cold-blooded
a: no special abilities


You were on level 3 of the Dungeon.
You visited 1 branch of the dungeon, and saw 3 of its levels.

You collected 45 gold pieces.

Inventory:

Hand Weapons
 a - a +0 mace
 f - a +3 dagger
 n - a +0 flail (weapon)
Missiles
 d - 6 boomerangs (quivered)
 h - 2 stones
Armour
 o - a +0 pair of boots (worn)
Scrolls
 b - a scroll of immolation {unknown}
 c - 4 scrolls of enchant weapon {unknown}
 i - a scroll of teleportation {unknown}
 j - a scroll of enchant armour {unknown}
 l - a scroll of poison {unknown}
 m - a scroll of identify {unknown}
 p - a scroll of silence {unknown}
Potions
 e - a potion of curing
 g - a potion of attraction {unknown}
 k - a potion of brilliance {unknown}


   Skills:
 + Level 2.9 Fighting
 + Level 4.1 Maces & Flails
 + Level 2.1 Dodging
 + Level 0.4 Stealth
 - Level 2.0 Spellcasting
 + Level 3.3 Conjurations
 - Level 1.0 Necromancy
 * Level 1.0 Translocations


You had 2 spell levels left.
You knew the following spells:

 Your Spells              Type           Power      Damage    Failure   Level
a - Kiss of Death         Conj/Necr      32%        2d7       9%          1
b - Momentum Strike       Conj/Tloc      16%        3d8       14%         2
c - Blink                 Tloc           8%         N/A       22%         2

Your spell library contained the following spells:

 Spells                   Type           Power      Damage    Failure   Level
 Static Discharge         Conj/Air       12%        2-3/arc   17%         2
 Hailstorm                Conj/Ice       6%         3d4       32%         3
 Summon Guardian Golem    Hex/Summ       1%         N/A       54%         3
 Manifold Assault         Tloc           4%         N/A       82%         4
 Airstrike                Air            0%         2d(1-17)  91%         4
 Summon Lightning Spire   Summ/Air       1%         N/A       91%         4
 Orb of Destruction       Conj           5%         9d5       100%        7
 Spellforged Servitor     Conj/Summ      3%         N/A       100%        7
 Storm Form               Tmut/Air       0%         N/A       100%        7


Dungeon Overview and Level Annotations

Branches:
Dungeon (3/15)

Altars:

Shops:
D:1 :


Innate Abilities, Weirdness & Mutations

Your plain brown scales are hard. (AC +5)
You cannot fit into any form of body armour.
You are cold-blooded and may be slowed by cold attacks.


Message History

You hit the kobold.
Your tail-slap misses the kobold.
The kobold is heavily wounded.
The gnoll misses you. The kobold hits you with a +0 whip.
* * * LOW HITPOINT WARNING * * *
The kobold hits you but does no damage. The gnoll barely misses you.
Casting: Kiss of Death (safe; 9% risk of failure)
Confirm with . or Enter, or press ? or * to list all spells.
You miscast Blink.
You are very lightly contaminated with residual magic.
Nothing appears to happen.
The kobold hits you with a +0 whip.
* * * LOW HITPOINT WARNING * * *
The gnoll closely misses you.
Casting: Blink (safe; 22% risk of failure)
Confirm with . or Enter, or press ? or * to list all spells.
You blink.
The kobold throws a stone.
The stone hits you.
* * * LOW HITPOINT WARNING * * *
The gnoll throws a throwing net.
The throwing net hits you.
You become entangled in the net!
You see here a throwing net.
Casting: Blink (safe; 22% risk of failure)
Confirm with . or Enter, or press ? or * to list all spells.
Aiming: Kiss of Death (safe; 9% risk of failure)
Press: ? - help, Shift-Dir - straight line, f - gnoll
Aim: a gnoll, wielding a +0 flail (100% to hit)
The negative energy hits the gnoll!
The gnoll is drained!
The gnoll is almost dead.
You feel drained. The gnoll barely misses you.
It was a potion of curing.
You feel better. The gnoll barely misses you.
The kobold throws a stone.
The stone barely misses you.
You struggle against the net.
The gnoll hits you but does no damage.
The kobold throws a stone.
The stone barely misses you.
The gnoll hits you from afar with a +0 halberd!
Ouch! That really hurt!
* * * LOW HITPOINT WARNING * * *
Unknown command.
You struggle against the net.
You feel stable enough to blink again.
The gnoll hits you from afar with a +0 halberd.
You die...

##....## #....... .
#?....# ###### ..#.....#
.....# ......... ####.#
#..#..# #
####.######.K..g##.###..
#........ยง)#..g.@.....#
#.##.######.....##.##.#
.....# #..#### # .....#
....... #.##.# .# .##.#
..##.# .. .# ####.# .. #
.. ..# .. ....


You could see 2 gnolls and a kobold.

Vanquished Creatures
  An orc wizard (D:3)
  A gnoll (D:3)
  An adder (D:2)
  7 orcs (D:3)
  4 ball pythons
  9 endoplasms
  4 goblins
  A hobgoblin (D:1)
  10 jackals
  4 kobolds
  3 quokkas
  A bat (D:1)
  A frilled lizard (D:1)
  5 rats
52 creatures vanquished.

Notes
Turn   | Place    | Note
-------+----------+-------------------------------------------
     0 | D:1      | monsoonserge the Draconian Reaver began the quest for the
                  | Orb.
     0 | D:1      | Reached XP level 1. HP: 17/17 MP: 3/3
    71 | D:1      | Reached XP level 2. HP: 23/25 MP: 5/5
   457 | D:1      | Found Vellux's Book Shop.
   515 | D:1      | Reached XP level 3. HP: 30/30 MP: 6/6
   884 | D:2      | Reached skill level 1 in Necromancy
   903 | D:2      | Learned a level 2 spell: Momentum Strike
   906 | D:2      | Learned a level 2 spell: Blink
  1382 | D:3      | Reached XP level 4. HP: 35/37 MP: 7/7
  1405 | D:3      | Reached skill level 4 in Maces & Flails
  1414 | D:3      | Reached skill level 1 in Translocations
  1421 | D:3      | Slain by a gnoll

Illustrated notes

Levels and vault maps discovered:
D:1:      eino_arrival_water_cross, layout_rooms, serial_shops, shop
D:2:      layout_loops_cross, dreamdust_mushroom_princess, minmay_crystal_room
D:3:      layout_loops_cross

Skill      XL: |  1  2  3  4 |
---------------+-------------+-----
Necromancy     | 1 |  1.0
Dodging        | 2 |  2.1
Maces & Flails | 4 |  4.1
Translocations | 1 |  1.0
Fighting       | |  2.9
Stealth        | |  0.4
Spellcasting   | |  2.0
Conjurations   | |  3.3

Action                     |  1- 3 |  4- 6 || total
---------------------------+-------+-------++-------
  Melee: Mace              |   154 |       ||   154
         Tailslap          |    11 |     2 ||    13
         Flail             |     5 |    20 ||    25
         Punch             |     1 |       ||     1
   Cast: Kiss of Death     |       |     3 ||     3
         Blink             |       |     1 ||     1
    Use: Potion            |       |     1 ||     1
 Armour: Skin              |    62 |    12 ||    74
  Dodge: Dodged            |   117 |    12 ||   129
